 Dungeon Crawl Stone Soup version 0.23.1 (webtiles) character file.

Game seed: 0

863452 Devinter the Phalangite (level 27, -8/203 HPs)
             Began as a Grey Draconian Venom Mage on Mar 7, 2019.
             Was the Champion of Ashenzari.
             Mangled by a tentacled starspawn (37 damage)
             ... on level 4 of the Abyss on Mar 17, 2019.
             The game lasted 11:52:43 (86556 turns).

Devinter the Phalangite (DrVM)                     Turns: 86556, Time: 11:52:44

Health: -8/203     AC: 27    Str: 17      XL:     27
Magic:  22/32      EV: 19    Int: 26      God:    Ashenzari [******]
Gold:   2830       SH: 20    Dex:  8 (9)  Spells: 1/66 levels left

rFire    + + +     SeeInvis +   c - +9 trishula (holy)
rCold    + + +     Gourm    .   Z - +5 shield {rF+} (curse)
rNeg     + + .     Faith    .   (armour unavailable)
rPois    +         Spirit   .   Q - +3 crown of Dyrovepreva {rElec Int+2 SInv} (curse)
rElec    +         Reflect  .   g - scarf {rC+ rF+} (curse)
rCorr    .         Harm     .   w - +2 pair of gloves {Dex+3} (curse)
MR       ++...     Clarity  +   P - +2 pair of boots {Fly} (curse)
Stlth    +++.......             d - amulet of regeneration (curse)
HPRegen  0.00/turn              V - ring "Baucwa" {rC++ rN+ Str+8 Dex-4} (curse)
MPRegen  0.23/turn              B - ring "Tisaugra" {*Drain rPois rF+ rC+ rN+} (curse)

@: flying, regenerating
A: walk through water, unfitting armour, berserk 1[+1], clumsy 2, [deterioration
1], dopey 1, frail 1[+1], low mp 2[+1], [inhibited regeneration], weak 1,
unbreathing, cold-blooded, AC +18
}: 9/15 runes: decaying, slimy, silver, demonic, glowing, magical, fiery, dark,
gossamer
a: Curse Item, Scrying, Transfer Knowledge, Renounce Religion, Stop Flying


You were on level 4 of the Abyss.
You worshipped Ashenzari.
Ashenzari was exalted by your worship.
You were near starving.

You visited 10 branches of the dungeon, and saw 50 of its levels.
You visited Pandemonium 1 time, and saw 32 of its levels.
You visited the Abyss 1 time.
You also visited: Ossuary, Bailey, Ice Cave and Wizlab.

You collected 9806 gold pieces.
You spent 6976 gold pieces at shops.

Inventory:

Hand Weapons
 c - a +9 trishula of holy wrath (weapon)
Missiles
 n - 35 tomahawks (quivered)
Armour
 g - a cursed scarf of resistance (worn)
 w - a cursed +2 pair of gloves of dexterity (worn)
 P - a cursed +2 pair of boots of flying (worn)
 Q - the cursed +3 crown of Dyrovepreva (worn) {rElec Int+2 SInv}
   (You found it on level 6 of the Lair of Beasts)

   It affects your intelligence (+2).
   It insulates you from electricity.
   It lets you see invisible.
   It has a curse placed upon it.
 Z - a cursed +5 shield of fire resistance (worn)
Jewellery
 d - a cursed amulet of regeneration (around neck)
 B - the cursed ring "Tisaugra" (right hand) {*Drain rPois rF+ rC+ rN+}
   (You bought it in a shop on level 2 of the Depths)

   [ring of protection from fire]

   It protects you from fire.
   It protects you from cold.
   It protects you from poison.
   It protects you from negative energy.
   It causes draining when unequipped.
   It has a curse placed upon it.
 T - a +5 amulet of reflection
 V - the cursed ring "Baucwa" (left hand) {rC++ rN+ Str+8 Dex-4}
   (You took it off a vampire mage on level 5 of the Depths)

   [ring of positive energy]

   It affects your strength (+8).
   It affects your dexterity (-4).
   It greatly protects you from cold.
   It protects you from negative energy.
   It has a curse placed upon it.
Wands
 j - a wand of clouds (10)
 p - a wand of digging (27)
 J - a wand of flame (20)
 O - a wand of acid (15)
 W - a wand of disintegration (104)
 X - a wand of scattershot (4)
 Y - a wand of iceblast (16)
Scrolls
 e - 20 scrolls of teleportation
 f - 2 scrolls of brand weapon
 i - 14 scrolls of magic mapping
 l - 16 scrolls of fear
 m - 13 scrolls of fog
 q - a scroll of silence
 y - 5 scrolls of holy word
 D - 34 scrolls of identify
 G - 8 scrolls of blinking
 H - 12 scrolls of remove curse
 K - 3 scrolls of amnesia
 M - a scroll of enchant weapon
 N - 2 scrolls of summoning
 S - a scroll of enchant armour
Potions
 r - 8 potions of might
 s - 11 potions of heal wounds
 u - 30 potions of curing
 v - 3 potions of berserk rage
 z - 5 potions of haste
 A - 2 potions of resistance
 C - 8 potions of magic
 E - 4 potions of ambrosia
 F - 6 potions of agility
 I - 6 potions of cancellation
 R - a potion of mutation
 U - 8 potions of brilliance
Miscellaneous
 a - 8 phantom mirrors
 h - a lightning rod (4/4)
 k - 3 sacks of spiders
 o - a lamp of fire
 t - a phial of floods
 x - a box of beasts
 L - a fan of gales
Comestibles
 b - 98 rations


   Skills:
 - Level 22.0 Fighting
 * Level 24.9 Polearms
 - Level 8.6 Throwing
 - Level 12.9(17.0) Dodging
 - Level 3.1(7.0) Stealth
 - Level 17.7(20.1) Shields
 - Level 20.0 Spellcasting
 - Level 10.7(15.0) Conjurations
 - Level 7.5(12.0) Charms
 - Level 5.5(10.0) Summonings
 - Level 5.5(10.0) Necromancy
 - Level 16.1(20.0) Translocations
 - Level 3.9(8.1) Air Magic
 - Level 22.6(26.0) Earth Magic
 - Level 8.6(13.0) Poison Magic
 - Level 14.7(18.7) Evocations


You had one spell level left.
You knew the following spells:

 Your Spells              Type           Power        Failure   Level  Hunger
a - Vampiric Draining     Necr           ######....   1%          3    None
b - Iron Shot             Conj/Erth      #######...   1%          6    ##.....
c - Statue Form           Tmut/Erth      #######..    1%          6    ##.....
d - Mephitic Cloud        Conj/Pois/Air  ######..     1%          3    None
e - Lee's Rapid Deconstr  Erth           ########..   0%          5    None
f - Borgnjor's Vile Clut  Necr/Erth      #######...   1%          5    None
g - Shatter               Erth           ########..   3%          9    #######
h - Regeneration          Chrm/Necr      ######....   1%          3    None
i - Blink                 Tloc           N/A          0%          2    None
j - Controlled Blink      Tloc           N/A          3%          8    ######.
k - Ozocubu's Armour      Chrm/Ice       ######..     1%          3    None
l - Deflect Missiles      Chrm/Air       ######....   4%          6    ##.....
m - Summon Butterflies    Summ           ######..     1%          1    None
n - Aura of Abjuration    Summ           ######....   1%          5    None

Your spell library contained the following spells:

 Spells                   Type           Power        Failure   Level  Hunger
 Apportation              Tloc           ######       0%          1    None
 Magic Dart               Conj           ####         0%          1    None
 Sandblast                Erth           ######       0%          1    None
 Shock                    Conj/Air       ####         0%          1    None
 Sting                    Conj/Pois      ####         0%          1    None
 Animate Skeleton         Necr           N/A          1%          1    None
 Beastly Appendage        Tmut           ####..       1%          1    None
 Confusing Touch          Hex            ####..       1%          1    None
 Corona                   Hex            ####...      1%          1    None
 Flame Tongue             Conj/Fire      #####        1%          1    None
 Freeze                   Ice            ####         1%          1    None
 Pain                     Necr           ####         1%          1    None
 Summon Small Mammal      Summ           ####         1%          1    None
 Passwall                 Tmut/Erth      #######.     0%          2    None
 Shroud of Golubria       Chrm/Tloc      #######...   0%          2    None
 Gell's Gravitas          Tloc           #######...   0%          3    None
 Lesser Beckoning         Tloc           #######...   0%          3    None
 Recall                   Summ/Tloc      N/A          0%          3    None
 Stone Arrow              Conj/Erth      ######       0%          3    None
 Teleport Other           Tloc           #######.     0%          3    None
 Force Lance              Conj/Tloc      #######.     0%          4    None
 Passage of Golubria      Tloc           N/A          0%          4    None
 Call Imp                 Summ           ######..     1%          2    None
 Corpse Rot               Necr           N/A          1%          2    None
 Ensorcelled Hibernation  Hex/Ice        ####..       1%          2    None
 Poisonous Vapours        Pois/Air       ######       1%          2    None
 Slow                     Hex            ####....     1%          2    None
 Sticks to Snakes         Tmut           ####....     1%          2    None
 Sublimation of Blood     Necr           ######....   1%          2    None
 Throw Flame              Conj/Fire      ######       1%          2    None
 Throw Frost              Conj/Ice       ######       1%          2    None
 Call Canine Familiar     Summ           ######..     1%          3    None
 Conjure Flame            Conj/Fire      ######..     1%          3    None
 Dazzling Spray           Conj/Hex       ######       1%          3    None
 Ignite Poison            Fire/Tmut/Pois ######..     1%          3    None
 Portal Projectile        Hex/Tloc       ######       1%          3    None
 Spider Form              Tmut/Pois      ######....   1%          3    None
 Static Discharge         Conj/Air       ######..     1%          3    None
 Summon Guardian Golem    Hex/Summ       ######..     1%          3    None
 Animate Dead             Necr           N/A          1%          4    None
 Leda's Liquefaction      Hex/Erth       #######...   1%          4    None
 Olgreb's Toxic Radiance  Pois           #######.     1%          4    None
 Petrify                  Tmut/Erth      #######.     1%          4    None
 Sticky Flame             Conj/Fire      ######..     1%          4    None
 Summon Ice Beast         Ice/Summ       ######..     1%          4    None
 Summon Lightning Spire   Summ/Air       ######..     1%          4    None
 Throw Icicle             Conj/Ice       ######..     1%          4    None
 Agony                    Necr           ######..     1%          5    None
 Bolt of Draining         Conj/Necr      ######....   1%          5    None
 Bolt of Magma            Conj/Fire/Erth #######...   1%          5    None
 Dispel Undead            Necr           ######..     1%          5    None
 Excruciating Wounds      Chrm/Necr      ######....   1%          5    None
 Fireball                 Conj/Fire      ######....   1%          5    None
 Lightning Bolt           Conj/Air       ######....   1%          5    None
 Summon Demon             Summ           ######....   1%          5    None
 Summon Forest            Summ/Tloc      #######...   1%          5    None
 Venom Bolt               Conj/Pois      #######...   1%          5    None
 Dispersal                Tloc           #######...   1%          6    ##.....
 Alistair's Intoxication  Tmut/Pois      ######..     2%          5    None
 Confuse                  Hex            ####....     3%          3    None
 Inner Flame              Hex/Fire       ####....     3%          3    None
 Tukima's Dance           Hex            ####....     3%          3    None
 Malign Gateway           Summ/Tloc      #######...   3%          7    ####...
 Disjunction              Tloc           #######...   3%          8    ######.
 Summon Mana Viper        Hex/Summ       ######..     4%          5    None
 Death Channel            Necr           ######....   4%          6    ##.....
 Shadow Creatures         Summ           N/A          4%          6    ##.....
 Silence                  Hex/Air        #####.....   8%          5    None
 Bolt of Cold             Conj/Ice       ######....   10%         6    ##.....
 Freezing Cloud           Conj/Ice/Air   ######....   10%         6    ##.....
 Cause Fear               Hex            ####......   12%         4    None
 Ice Form                 Ice/Tmut       ####....     12%         4    None
 Monstrous Menagerie      Summ           ######....   22%         7    ####...
 Summon Greater Demon     Summ           ######....   22%         7    ####...
 Simulacrum               Ice/Necr       ######....   28%         6    ##.....
 Blade Hands              Tmut           ####......   34%         5    None
 Metabolic Englaciation   Hex/Ice        ####......   34%         5    None
 Yara's Violent Unravell  Hex/Tmut       ####......   34%         5    None
 Ring of Flames           Chrm/Fire      ######....   71%         7    ####...
 Summon Horrible Things   Summ           ######....   87%         8    ######.
 Darkness                 Hex            ####......   88%         6    ##.....
 Invisibility             Hex            ####....     88%         6    ##.....
 Ozocubu's Refrigeration  Ice            ####......   88%         6    ##.....
 Discord                  Hex            ####......   100%        8    ######.
 Ignition                 Fire           ####......   100%        8    ######.
 Tornado                  Air            ######....   100%        9    #######


Dungeon Overview and Level Annotations

Branches:
Dungeon (15/15)            Temple (1/1) D:4            Lair (6/6) D:9
  Swamp (4/4) Lair:2       Spider (4/4) Lair:3        Slime (5/5) Lair:5
    Orc (2/2) D:11            Elf (3/3) Orc:2        Vaults (5/5) D:14
  Crypt (0/3) Vaults:2     Depths (5/5) D:15            Zot (0/5) Depths:5

Altars:
Ashenzari
Cheibriados
Dithmenos
Elyvilon
Fedhas
Gozag
Hepliaklqana
Kikubaaqudgha
Makhleb
Nemelex Xobeh
Okawaru
Qazlal
Ru
Sif Muna
Trog
Uskayaw
Vehumet
Wu Jian
Xom
Yredelemnul
Zin
The Shining One
Beogh
Jiyva

Shops:
D:4 [   D:10 :   D:13 }   Orc:2 }:[[   Vaults:2 ?   Depths:1 :=[**
Depths:2 =}}   Depths:4 *   Depths:5 !*

Portals:
Hell: Depths:1 Depths:2 Depths:3 Depths:4 Depths:5
Abyss: Depths:4
Pandemonium: Depths:3
Ziggurat: Depths:4


Innate Abilities, Weirdness & Mutations

You can walk through water.
Your dull iron-grey scales are very hard. (AC +18)
You cannot fit into any form of body armour.
You can survive without breathing.
You are cold-blooded and may be slowed by cold attacks.
You are very clumsy. (Dex -4)
You are dopey. (Int -2)
You are weak. (Str -2)
[You often lose your temper in combat.]
[Your body sometimes deteriorates upon taking damage.]
[You are very frail. (-20% HP)]
[Your magical capacity is extremely low. (-30% MP)]
[You do not regenerate when monsters are visible.]


Message History

The tentacled starspawn closely misses you.
You block the tentacled starspawn's attack.
You impale the tentacled starspawn!!
The tentacled starspawn is severely damaged.
Tentacles burst from the starspawn's body! 2 starspawn tentacles come into view.
You puncture the tentacled starspawn!
The tentacled starspawn is almost destroyed.
You feel a little less agile now.
The tentacled starspawn bites you but does no damage.
The tentacled starspawn engulfs you but does no damage.
You puncture the tentacled starspawn!
Your tail-slap misses the tentacled starspawn.
The tentacled starspawn is almost destroyed.
You block the starspawn tentacle's attack.
You barely miss the tentacled starspawn.
You tail-slap the tentacled starspawn.
The tentacled starspawn is almost destroyed.
The tentacled starspawn bites you!!!
You die...

* **,,,#. ,, # ..
..... ,,,,, , *....
,# ##.....)) * ,* ,
* .{{###.#.......)(
, * ,,
#...#).,........).>
* ,, ,.,........∆∆
....).. **** ,, ,,,
. .{*#.#)........#
* ,,, , ,,*
#*#.{##w>.##*.# ,,*
, , ,*# *.#.#wX## ,
* * *, *,, ..*
,##.###@## * ,**#,
,,, ,, , , *,
##...##,, ,,**,, ,
, *#.#.#.## , * *,,
,, , , ..,##*
,,**{*, *,* *
,,*.*#.# , , ,,# ,
, , * # *#. * * ,,,
*, ,*, ,, *,.,* ,#
* , ,* ,* , ,*
,,,,,, * * , * { **
* , , ,,,* , ** { *
, , *, ,*


You could see a tentacled starspawn and 2 starspawn tentacles.

Vanquished Creatures
  Cerebov (Pan)
  the Royal Jelly (Slime:5)
  Gloorx Vloq (Pan)
  Lom Lobon (Pan)
  Mnoleg (Pan)
  5 pandemonium lords (Pan)
  Mennas (Vaults:3)
  An ancient lich (Vaults:5)
  A juggernaut (Depths:5)
  Frederick (Vaults:2)
  Saint Roka (Depths:5)
  2 caustic shrikes (Depths:5)
  Nikola (Vaults:3)
  2 golden dragons
  Arachne (Spider:3)
  A profane servitor (Abyss:4)
  2 bone dragons (Abyss:4)
  A Brimstone Fiend (Pan)
  6 Tzitzimimeh (Pan)
  7 liches
  A hellephant (Pan)
  3 tentacled monstrosities (Depths:5)
  3 Ice Fiends (Pan)
  A titan (Vaults:5)
  6 Hell Sentinels (Pan)
  3 quicksilver dragons
  4 deep elf master archers (Elf:3)
  25 acid blobs
  5 sphinxes
  2 deep elf blademasters
  25 Executioners
  14 tentacled starspawn
  Agnes (D:15)
  4 thorn hunters
  Frances (Swamp:1)
  An eldritch tentacle (WizLab)
  2 ancient champions
  4 shadow dragons
  7 tengu reavers
  Roxanne (D:15)
  A draconian monk (Abyss:4)
  Donald (Elf:2)
  A nagaraja (Abyss:4)
  3 storm dragons
  9 fire giants
  A daeva (Pan)
  7 azure jellies
  A draconian scorcher (Depths:5)
  9 deep elf sorcerers
  15 vault wardens
  2 iron dragons
  Louise (Spider:4)
  6 corrupters (Pan)
  6 ghost moths
  16 cacodemons (Pan)
  10 deep elf elementalists
  A draconian knight (Depths:5)
  14 frost giants
  A ghost moth (shapeshifter) (Vaults:2)
  9 black suns (Pan)
  36 balrugs
  The ghost of P0WERM0DE the Cleaver, a journeyman DDFi of Makhleb (Spider:2)
  4 emperor scorpions
  2 curse skulls (Pan)
  3 warmongers (Pan)
  An angel (Abyss:4)
  3 draconian annihilators
  4 spriggan defenders
  8 ironheart preservers
  6 reapers (Pan)
  15 stone giants
  A ghoul (Vaults:2)
  18 very ugly things
  10 deep elf annihilators
  8 blood saints (Pan)
  10 starcursed masses
  5 deep elf demonologists
  7 entropy weavers
  10 lorocyprocas
  A yellow draconian (Abyss:4)
  4 vampire knights
  Azrael (D:12)
  A red draconian (Abyss:4)
  10 spark wasps
  An eidolon (WizLab)
  12 ettins
  5 deep elf death magi
  12 green deaths
  A crystal guardian (Vaults:3)
  13 blizzard demons
  6 death oozes (Slime:5)
  17 yaktaur captains
  11 deep elf high priests
  10 fire dragons
  Josephine (D:12)
  22 great orbs of eyes
  2 hell beasts (Pan)
  8 ice dragons
  10 monstrous demonspawn (Pan)
  2 shambling mangroves (Swamp:4)
  37 vault guards
  3 death knights
  A ghost crab (Swamp:4)
  19 hydras
  A catoblepas (Lair:6)
  14 rakshasas
  An anaconda (shapeshifter) (Depths:5)
  7 spriggan air magi
  16 ogre magi
  12 centaur warriors
  32 dancing weapons
  2 satyrs (Abyss:4)
  A tengu warrior (Depths:2)
  18 alligators
  45 two-headed ogres
  7 spriggan berserkers
  6 deep troll shamans
  7 deep troll earth magi
  19 thrashing horrors
  3 hell hogs (Abyss:4)
  4 vampire magi (Depths:5)
  61 sun demons
  29 deep elf knights
  Sonja (D:12)
  13 spriggans
  Nergalle (Lair:1)
  The ghost of paperworker the Grappler, a novice TrFi of Wu Jian (D:8)
  22 soul eaters (Pan)
  2 orc high priests (Depths:5)
  21 hell knights
  A salamander mystic (Depths:2)
  8 wretched stars
  A fire crab (shapeshifter) (Vaults:4)
  14 shadow wraiths
  2 iron trolls
  67 large abominations
  21 sixfirhies
  4 skeletal warriors
  A glowing orange brain (shapeshifter) (Vaults:4)
  2 spatial maelstroms (Abyss:4)
  A death drake (shapeshifter) (D:14)
  5 unseen horrors
  A death drake (WizLab)
  19 deep trolls
  An anaconda zombie (Abyss:1)
  A cherub (Pan)
  A sea snake (shapeshifter) (Depths:2)
  6 gelid demonspawn (Pan)
  5 glowing orange brains
  3 spriggan druids
  11 infernal demonspawn
  2 flayed ghosts
  An obsidian statue (WizLab)
  11 wizards
  19 deep elf archers
  6 torturous demonspawn (Pan)
  9 shadow demons
  11 swamp dragons
  11 ironbrand convokers
  4 harpies (Vaults:1)
  79 deep elf magi
  A swamp dragon (shapeshifter) (Vaults:4)
  3 phantasmal warriors
  19 orb spiders
  A frost giant zombie (Vaults:4)
  12 orc knights
  41 ugly things
  14 necromancers
  A mana viper (WizLab)
  9 cyclopes
  2 orc sorcerers
  9 moths of wrath
  4 salamanders (Depths:2)
  23 wolf spiders
  A fire giant zombie (Vaults:4)
  A manticore (D:11)
  A shining eye (Slime:2)
  2 manticores (shapeshifter)
  26 elephants
  15 black mambas
  2 frost giant skeletons
  12 vault sentinels
  3 worldbinders
  23 smoke demons
  6 eyes of devastation
  A guardian serpent (WizLab)
  An iron dragon skeleton (Abyss:3)
  2 stone giant skeletons
  An ice statue (IceCv)
  An apocalypse crab (Abyss:4)
  2 fire giant skeletons
  A titan simulacrum (Vaults:5)
  6 torpor snails
  35 orange demons
  3 gargoyles
  18 spiny frogs
  2 rust devils
  21 hellions (Pan)
  2 rime drakes (Lair:3)
  A komodo dragon (Lair:4)
  21 demonic crawlers
  2 tormentors (Pan)
  17 freezing wraiths
  5 efreet
  43 yaktaurs
  9 ice devils
  A tengu conjurer (Depths:2)
  A catoblepas skeleton (Pan)
  14 hellwings
  36 red devils
  4 anaconda simulacra (IceCv)
  13 ancient zymes
  A troll (shapeshifter) (Depths:3)
  5 golden dragon simulacra
  A queen bee (shapeshifter) (Depths:2)
  18 tyrant leeches
  46 jumping spiders
  8 trolls
  3 meliai (Spider:2)
  A queen bee (Spider:2)
  A meliai (shapeshifter) (D:15)
  A wolf spider simulacrum (D:13)
  Grinder (D:3)
  A wind drake (shapeshifter) (Abyss:4)
  A polar bear (Lair:5)
  A shadow dragon simulacrum (Abyss:1)
  A hydra skeleton (Pan)
  28 hornets
  26 blink frogs
  A blink frog (shapeshifter) (Vaults:2)
  5 bog bodies
  An iron dragon simulacrum (Vaults:5)
  2 stone giant simulacra
  23 raiju
  112 slime creatures
  5 air elementals
  A dream sheep (shapeshifter) (Abyss:3)
  A snapping turtle (shapeshifter) (Vaults:4)
  13 hippogriffs
  103 redbacks
  8 wraiths
  6 shadows
  4 dire elephant simulacra
  27 ynoxinuls
  5 centaur simulacra
  A yak (shapeshifter) (Vaults:3)
  A tarantella (shapeshifter) (Vaults:5)
  3 water elementals
  39 yaks
  10 basilisks
  23 tarantellas
  2 hungry ghosts
  A black mamba skeleton (Pan)
  A spriggan (shapeshifter) (Depths:2)
  11 wyverns
  4 fire bats (Pan)
  Grum (Lair:1)
  6 fire elementals
  A human (shapeshifter) (Depths:4)
  23 neqoxecs
  6 golden eyes
  2 elf skeletons (Depths:4)
  A steam dragon (Lair:5)
  22 chaos spawn
  2 harpy simulacra (IceCv)
  2 spatial vortices
  17 vampire mosquitoes
  A deep troll zombie (Vaults:5)
  6 insubstantial wisps
  20 swamp worms
  5 wargs
  A soldier ant (D:11)
  2 acid dragons
  A soldier ant (shapeshifter) (Depths:1)
  5 hell hounds
  3 hydra simulacra (IceCv)
  An iron troll simulacrum (IceCv)
  19 water moccasins
  A floating eye (Depths:2)
  A merfolk skeleton (Abyss:4)
  A swamp drake (shapeshifter) (Depths:4)
  An infernal demonspawn skeleton (WizLab)
  2 ettin simulacra (IceCv)
  4 porcupines
  12 swamp drakes
  5 ice beasts
  41 orc warriors
  3 sky beasts
  58 ogres
  A black bear (D:12)
  2 black bears (shapeshifter) (Vaults:3)
  2 phantoms
  11 eyes of draining
  10 boggarts
  A manticore skeleton (Pan)
  3 human skeletons
  23 wolves
  16 centaurs
  8 crocodiles
  2 human zombies
  A big kobold (D:13)
  20 bullfrogs
  3 human simulacra
  2 earth elementals
  3 water moccasin zombies (Ossuary)
  A deep troll simulacrum (Vaults:4)
  7 scorpions
  A water moccasin skeleton (D:5)
  24 killer bees
  21 wights
  The ghost of luab the Insei, a weakling GnTm (D:4)
  19 small abominations
  8 howler monkeys
  5 electric eels
  19 crimson imps
  5 quasits
  A bullfrog zombie (D:12)
  2 yaktaur simulacra
  4 draconian simulacra (IceCv)
  5 centaur zombies
  4 hounds
  18 orc priests
  3 bullfrog skeletons
  4 centaur skeletons
  A gnoll shaman (D:5)
  16 orc wizards
  An iron imp (Abyss:1)
  Jessica (D:3)
  7 iguanas
  Ijyb (D:3)
  Terence (D:3)
  2 polar bear simulacra (IceCv)
  7 worker ants
  2 troll simulacra (IceCv)
  2 spriggan simulacra (IceCv)
  A big kobold zombie (Ossuary)
  A hound zombie (D:6)
  A hound skeleton (D:10)
  2 mummies (Ossuary)
  A howler monkey zombie (D:4)
  A worker ant zombie (D:9)
  6 gnolls
  A howler monkey skeleton (D:5)
  13 adders
  A naga simulacrum (IceCv)
  2 river rats (Lair:2)
  5 shadow imps
  10 white imps
  14 ufetubi
  7 adder zombies (Ossuary)
  An adder skeleton (D:4)
  3 worms
  4 ball lightnings (Pan)
  3 dart slugs
  7 leopard geckos
  113 orcs
  A ball python (D:6)
  7 giant cockroaches
  7 goblins
  7 hobgoblins
  13 jackals
  4 quokkas
  11 bats
  4 frilled lizards
  5 gnoll zombies (Ossuary)
  4 hobgoblin zombies (Ossuary)
  26 kobolds
  A kobold (shapeshifter) (Depths:5)
  A kobold skeleton (Pan)
  4 kobold zombies (Ossuary)
  2 leopard gecko skeletons
  4 orc zombies (Ossuary)
  5 rats
  A butterfly (Lair:4)
  A crawling corpse (Vaults:4)
  3 fungi (Elf:1)
  4 lurking horrors
  2 plants
  6 starspawn tentacles (Abyss:4)
3249 creatures vanquished.

Vanquished Creatures (collateral kills)
  the Enchantress (Depths:1)
  An emperor scorpion (Spider:4)
  A stone giant (Depths:2)
  An ice beast (shapeshifter) (Depths:1)
4 creatures vanquished.

Vanquished Creatures (others)
  A shadow demon (Pan)
  4 deep elf magi
  A moth of wrath (Spider:4)
  A smoke demon (Pan)
  A jumping spider (Spider:1)
  2 blink frogs
  A water elemental (Elf:1)
  A ynoxinul (Pan)
  A large abomination (Abyss:1)
  An earth elemental (Elf:1)
  An orc (Vaults:5)
  3 briar patches (Swamp:4)
  34 fungi
  A lurking horror (Abyss:4)
  60 plants
  41 starspawn tentacles
154 creatures vanquished.

Grand Total: 3407 creatures vanquished

Notes
Turn   | Place    | Note
-------+----------+-------------------------------------------
     0 | D:1      | Devinter the Draconian Venom Mage began the quest for the
                  | Orb.
     0 | D:1      | Reached XP level 1. HP: 14/14 MP: 3/3
   158 | D:1      | Reached skill level 2 in Stealth
   158 | D:1      | Reached XP level 2. HP: 20/20 MP: 1/5
   263 | D:1      | Reached skill level 2 in Dodging
   814 | D:2      | Reached XP level 3. HP: 26/26 MP: 1/6
   819 | D:2      | Learned a level 2 spell: Poisonous Vapours
   990 | D:2      | Reached skill level 2 in Conjurations
  1425 | D:2      | Reached XP level 4. HP: 33/33 MP: 5/8
  1731 | D:3      | Noticed Ijyb
  1739 | D:2      | Reached skill level 3 in Spellcasting
  1785 | D:3      | Noticed Jessica
  1791 | D:3      | Killed Jessica
  1791 | D:3      | Reached skill level 4 in Poison Magic
  1831 | D:3      | Found a shadowy altar of Dithmenos.
  1894 | D:3      | Reached XP level 5. HP: 38/38 MP: 5/9
  1928 | D:2      | HP: 2/38 [orc priest/divine providence (13)]
  1931 | D:2      | Reached skill level 3 in Conjurations
  2409 | D:3      | Killed Ijyb
  2522 | D:3      | Noticed Terence
  2530 | D:3      | Killed Terence
  2530 | D:3      | Reached skill level 5 in Poison Magic
  2608 | D:3      | Found a bloodstained altar of Trog.
  2611 | D:3      | Found a hazy altar of Hepliaklqana.
  2638 | D:3      | Noticed Grinder
  2762 | D:3      | Reached XP level 6. HP: 46/46 MP: 5/10
  2880 | D:4      | Reached skill level 1 in Fighting
  2915 | D:4      | Found Helexzur's Armour Shop.
  2933 | D:4      | Found a runed translucent door.
  3047 | D:4      | Reached skill level 2 in Fighting
  3188 | D:4      | Learned a level 4 spell: Olgreb's Toxic Radiance
  3199 | D:4      | Noticed luab's ghost (weakling GnTm)
  3246 | D:4      | Reached skill level 4 in Conjurations
  3246 | D:4      | Your scales start taking on a dull iron-grey colour.
  3246 | D:4      | Reached XP level 7. HP: 35/56 MP: 2/12
  3246 | D:4      | Gained mutation: You can survive without breathing. [Grey
                  | Draconian growth]
  3251 | D:4      | Learned a level 3 spell: Mephitic Cloud
  3591 | D:4      | Found a staircase to the Ecumenical Temple.
  3599 | D:4      | Found an opulent altar of Gozag.
  3601 | Temple   | Entered the Ecumenical Temple
  3678 | Temple   | Became a worshipper of Ashenzari the Shackled
  3742 | D:4      | Reached skill level 4 in Spellcasting
  3918 | D:4      | Reached skill level 3 in Fighting
  3918 | D:4      | Reached skill level 1 in Staves
  4147 | D:5      | Entered Level 5 of the Dungeon
  4182 | D:5      | HP: 5/57 [poisoned by a gnoll]
  4382 | D:5      | Found a sand-covered staircase.
  4398 | Ossuary  | Entered an ossuary
  4398 | Ossuary  | Found the +2 ratskin cloak {+Rats rPois rN+ Str-1 Int-1
                  | Dex+1}
  4524 | Ossuary  | Reached skill level 2 in Staves
  4589 | Ossuary  | Reached XP level 8. HP: 55/66 MP: 14/14
  4614 | Ossuary  | Reached skill level 4 in Fighting
  4614 | Ossuary  | Reached skill level 5 in Conjurations
  4621 | Ossuary  | Reached skill level 6 in Poison Magic
  4628 | Ossuary  | Learned a level 5 spell: Venom Bolt
  5347 | D:6      | Reached skill level 1 in Evocations
  5419 | D:6      | Reached skill level 3 in Staves
  5531 | D:6      | Found a hide-covered altar of Uskayaw.
  5577 | D:6      | Found a basalt altar of Yredelemnul.
  5637 | D:6      | Reached skill level 2 in Evocations
  5949 | D:6      | Reached skill level 5 in Fighting
  5959 | D:6      | Reached * piety under Ashenzari
  5968 | D:6      | Reached XP level 9. HP: 62/74 MP: 13/16
  5998 | D:6      | Found a glowing silver altar of Zin.
  6097 | D:6      | Learned a level 3 spell: Stone Arrow
  6184 | D:7      | Reached skill level 1 in Earth Magic
  6375 | D:7      | Reached skill level 4 in Staves
  6375 | D:7      | Reached skill level 5 in Spellcasting
  6375 | D:7      | Reached skill level 2 in Earth Magic
  6380 | D:7      | Reached skill level 6 in Conjurations
  6448 | D:7      | Reached skill level 3 in Evocations
  6471 | D:7      | Reached skill level 3 in Earth Magic
  6572 | D:7      | Reached skill level 7 in Poison Magic
  6759 | D:8      | Found a transporter.
  6759 | D:8      | Noticed paperworker's ghost (novice TrFi)
  6764 | D:8      | Noticed a moth of wrath
  6834 | D:8      | Reached ** piety under Ashenzari
  7160 | D:8      | Found a transporter.
  7175 | D:8      | Reached skill level 4 in Earth Magic
  7390 | D:8      | Found a sparkling altar of Nemelex Xobeh.
  7656 | D:9      | Found a transporter.
  7721 | D:9      | Found a staircase to the Lair.
  7740 | D:9      | Found a transporter.
  7775 | D:9      | Found a flagged portal.
  7784 | Bailey   | Entered a bailey
  7830 | Bailey   | Reached skill level 5 in Earth Magic
  7868 | Bailey   | Noticed an orc knight
  7887 | Bailey   | Reached XP level 10. HP: 66/81 MP: 1/18
  7903 | Bailey   | Noticed an orc knight
  8081 | Bailey   | Killed an orc knight
  8081 | Bailey   | Reached skill level 4 in Evocations
  8298 | Bailey   | HP: 1/81 [orc warrior/+0 war axe (31)]
  8347 | Bailey   | Killed an orc knight
  8347 | Bailey   | Reached skill level 5 in Staves
  8715 | Bailey   | Reached skill level 6 in Earth Magic
  9024 | D:9      | Found a glowing golden altar of the Shining One.
  9026 | D:9      | Noticed an angel
  9034 | D:9      | Found a basalt altar of Yredelemnul.
  9036 | D:9      | Noticed a profane servitor
  9335 | D:9      | Reached skill level 6 in Spellcasting
  9434 | D:10     | Entered Level 10 of the Dungeon
  9447 | D:10     | Reached skill level 7 in Conjurations
  9825 | D:10     | Reached skill level 7 in Earth Magic
  9829 | D:10     | Reached skill level 8 in Poison Magic
  9836 | D:10     | Reached skill level 5 in Evocations
 10035 | D:10     | Reached skill level 8 in Earth Magic
 10051 | D:10     | Reached *** piety under Ashenzari
 10270 | D:10     | Found Tifupsoi's Book Shop.
 10582 | Lair:1   | Entered Level 1 of the Lair of Beasts
 10608 | Lair:1   | Reached XP level 11. HP: 62/86 MP: 10/21
 10704 | Lair:1   | Noticed Grum
 10721 | Lair:1   | Killed Grum
 11022 | Lair:1   | Found a stormy altar of Qazlal.
 11149 | Lair:1   | Noticed Nergalle
 11170 | Lair:1   | Killed Nergalle
 11170 | Lair:1   | Reached skill level 7 in Spellcasting
 11170 | Lair:1   | Reached skill level 9 in Earth Magic
 11179 | Lair:1   | Reached skill level 8 in Conjurations
 11558 | Lair:1   | Learned a level 5 spell: Lee's Rapid Deconstruction
 11880 | Lair:2   | Noticed a six-headed hydra
 12146 | Lair:2   | Found a staircase to the Swamp.
 12212 | Lair:2   | Reached skill level 10 in Earth Magic
 12271 | Lair:2   | Reached skill level 3 in Dodging
 12607 | Lair:2   | Reached skill level 6 in Fighting
 12645 | Lair:2   | Reached **** piety under Ashenzari
 12941 | Lair:2   | Reached skill level 8 in Spellcasting
 12949 | Lair:2   | Reached skill level 4 in Dodging
 13284 | Lair:2   | Killed a six-headed hydra
 13284 | Lair:2   | Reached skill level 7 in Fighting
 13487 | Lair:3   | Reached XP level 12. HP: 100/100 MP: 10/24
 13490 | Lair:3   | Reached skill level 5 in Dodging
 13742 | Lair:3   | Reached skill level 8 in Fighting
 13847 | Lair:3   | Reached skill level 6 in Dodging
 14152 | Lair:3   | Found a hole to the Spider Nest.
 14384 | Lair:4   | Reached skill level 9 in Fighting
 14656 | Lair:4   | Noticed a four-headed hydra
 14662 | Lair:4   | Killed a four-headed hydra
 14662 | Lair:4   | Reached skill level 7 in Dodging
 14709 | Lair:4   | Reached ***** piety under Ashenzari
 15657 | Lair:5   | Reached skill level 10 in Fighting
 15724 | Lair:5   | Found a viscous altar of Jiyva.
 15724 | Lair:5   | Found a staircase to the Slime Pits.
 16039 | Lair:5   | Reached XP level 13. HP: 45/113 MP: 0/25
 16383 | Lair:5   | Reached skill level 8 in Dodging
 16573 | Lair:5   | Reached skill level 9 in Spellcasting
 16958 | Lair:6   | Entered Level 6 of the Lair of Beasts
 17328 | Lair:6   | Reached skill level 10 in Spellcasting
 18355 | Lair:6   | Reached skill level 9 in Dodging
 18597 | Lair:6   | Reached skill level 11 in Spellcasting
 19544 | Lair:6   | Reached skill level 10 in Dodging
 19762 | Lair:6   | Learned a level 5 spell: Borgnjor's Vile Clutch
 19774 | Lair:6   | Reached XP level 14. HP: 119/121 MP: 17/29
 19835 | Lair:6   | Reached skill level 1 in Necromancy
 20314 | Lair:6   | Found the +3 crown of Dyrovepreva {rElec Int+2 SInv}
 20639 | D:3      | Killed Grinder
 20718 | D:4      | Killed luab's ghost
 20908 | D:8      | Killed paperworker's ghost
 21244 | D:11     | Found a stormy altar of Qazlal.
 21245 | D:11     | Found a sacrificial altar of Ru.
 21245 | D:11     | Found a stormy altar of Qazlal.
 21245 | D:11     | Found a bloodstained altar of Trog.
 21264 | D:11     | Reached skill level 2 in Necromancy
 21860 | D:4      | Bought a +0 shield for 45 gold pieces
 21860 | D:4      | Bought a +1 large shield of protection for 165 gold pieces
 22324 | D:11     | Reached skill level 6 in Staves
 22329 | D:11     | Reached skill level 1 in Shields
 22388 | D:11     | Reached skill level 3 in Necromancy
 22575 | D:11     | Reached skill level 11 in Earth Magic
 22633 | D:11     | Found a roughly hewn altar of Beogh.
 22633 | D:11     | Found a staircase to the Orcish Mines.
 22972 | Orc:1    | Entered Level 1 of the Orcish Mines
 23025 | Orc:2    | Entered Level 2 of the Orcish Mines
 23047 | Orc:2    | Reached skill level 2 in Shields
 23237 | Orc:2    | Paralysed by an ogre mage for 6 turns
 23241 | Orc:2    | Reached skill level 3 in Shields
 23412 | Orc:1    | Reached skill level 12 in Spellcasting
 23535 | Orc:2    | Found a staircase to the Elven Halls.
 23576 | Orc:2    | Reached skill level 4 in Necromancy
 23624 | Orc:2    | Reached skill level 4 in Shields
 23877 | Orc:1    | Reached ****** piety under Ashenzari
 24196 | Orc:2    | Found Pen Enoi's Antique Armour Emporium.
 24196 | Orc:2    | Found Qeleidul's Gadget Boutique.
 24197 | Orc:2    | Found Kighek's Antique Armour Shop.
 24197 | Orc:2    | Found Goxicig's Book Emporium.
 24208 | Orc:2    | Bought a runed scarf for 272 gold pieces
 24208 | Orc:2    | Bought an ancient buckler for 323 gold pieces
 24208 | Orc:2    | Identified the +0 buckler "Qaugie" {rPois rC- SInv} (You
                  | bought it in a shop on level 2 of the Orcish Mines)
 24211 | Orc:2    | Bought a book of Necromancy for 360 gold pieces
 24216 | Orc:2    | Learned a level 3 spell: Vampiric Draining
 24220 | Orc:2    | Learned a level 3 spell: Regeneration
 24544 | D:12     | Noticed Josephine
 24556 | D:12     | Killed Josephine
 24556 | D:12     | Reached skill level 11 in Fighting
 24556 | D:12     | Reached skill level 6 in Evocations
 24556 | D:12     | Reached XP level 15. HP: 128/129 MP: 17/31
 24718 | D:12     | Noticed Azrael
 24719 | D:12     | Noticed Sonja
 24726 | D:12     | Killed Sonja
 24730 | D:12     | Killed Azrael
 24915 | D:12     | Reached skill level 1 in Charms
 25348 | D:13     | Reached skill level 5 in Shields
 25618 | D:13     | Learned a level 2 spell: Blink
 25644 | D:13     | Found Douplism's Gadget Emporium.
 26863 | D:14     | Found a gate to the Vaults.
 27394 | D:15     | Entered Level 15 of the Dungeon
 27413 | D:15     | Noticed Agnes
 27419 | D:15     | Killed Agnes
 27419 | D:15     | Reached skill level 5 in Necromancy
 27645 | D:15     | Learned a level 3 spell: Ozocubu's Armour
 27749 | D:15     | Noticed Roxanne
 27756 | D:15     | Killed Roxanne
 27756 | D:15     | Reached skill level 11 in Dodging
 27860 | D:15     | Identified the ring "Isaudiv" {rPois rN+ EV+4}
 27925 | D:15     | Found a staircase to the Depths.
 27940 | D:15     | Reached skill level 6 in Shields
 28204 | D:15     | Identified a scroll of acquirement
 28450 | Swamp:1  | Entered Level 1 of the Swamp
 28495 | Swamp:1  | Reached skill level 12 in Earth Magic
 28597 | Swamp:1  | Identified the ring "Tisets" {rCorr MP+9 Dex+4}
 28801 | Swamp:1  | Noticed a thorn hunter
 28816 | Swamp:1  | Killed a thorn hunter
 29477 | Swamp:1  | Noticed Frances
 29486 | Swamp:1  | Killed Frances
 29541 | Swamp:1  | Reached skill level 7 in Shields
 29694 | Swamp:1  | Identified the +4 war axe of Wondrous Power {antimagic,
                  | -Tele +Rage Dex+3 Stlth+}
 30358 | Swamp:2  | Reached XP level 16. HP: 132/137 MP: 26/32
 31633 | Swamp:3  | Reached skill level 8 in Shields
 31866 | Swamp:3  | Reached skill level 12 in Fighting
 32054 | Swamp:4  | Entered Level 4 of the Swamp
 32088 | Swamp:4  | Found a frozen archway.
 32106 | Swamp:4  | Noticed a thorn hunter
 32146 | Swamp:4  | Killed a thorn hunter
 32167 | IceCv    | Entered an ice cave
 33426 | IceCv    | Reached skill level 9 in Shields
 33539 | Swamp:4  | Paralysed by a hornet for 1 turns
 33857 | Swamp:4  | Reached skill level 13 in Earth Magic
 34015 | Swamp:4  | Reached skill level 13 in Spellcasting
 34704 | Swamp:4  | Reached skill level 12 in Dodging
 34709 | Swamp:4  | Reached skill level 10 in Shields
 34753 | Swamp:4  | Noticed a thorn hunter
 34995 | Swamp:4  | Killed a thorn hunter
 35136 | Swamp:4  | Reached XP level 17. HP: 121/148 MP: 24/34
 35599 | Swamp:4  | Got a decaying rune of Zot
 35917 | Spider:1 | Entered Level 1 of the Spider Nest
 36226 | Spider:1 | Reached skill level 13 in Fighting
 36380 | Spider:1 | Reached skill level 11 in Shields
 37138 | Spider:2 | Found a transporter.
 37216 | Spider:2 | Found a transporter.
 37222 | Spider:2 | Noticed P0WERM0DE's ghost (journeyman DDFi)
 37223 | Spider:2 | Identified the ring of the Centipede {Fire rPois Int+4
                  | Dex+3}
 37319 | Spider:3 | Noticed Arachne
 37537 | Spider:3 | Reached skill level 14 in Earth Magic
 38024 | Spider:3 | Killed Arachne
 38343 | Spider:3 | Reached skill level 12 in Shields
 38819 | Lair:1   | Learned a level 6 spell: Iron Shot
 39494 | Spider:4 | Entered Level 4 of the Spider Nest
 39494 | Spider:4 | Noticed Louise
 39760 | Spider:4 | Killed Louise
 39795 | Spider:4 | Reached XP level 18. HP: 114/159 MP: 35/35
 39878 | Spider:4 | Reached skill level 14 in Spellcasting
 40046 | Spider:4 | Reached skill level 14 in Fighting
 40358 | Spider:4 | Reached skill level 15 in Earth Magic
 41039 | Spider:4 | Got a gossamer rune of Zot
 41520 | Depths:1 | Entered Level 1 of the Depths
 41714 | Depths:1 | Identified the +4 quarterstaff of Asui {crush, rPois MR-
                  | Int+4 Dex+7}
 41756 | Depths:1 | Noticed a lich
 41768 | Depths:1 | Killed a lich
 41945 | Depths:1 | Found Ducvaor's Demolitions Depot.
 41971 | Depths:1 | Bought a manual of Evocations for 1876 gold pieces
 42266 | Depths:1 | Identified the +3 faerie dragon scales {rN+ rCorr}
 42266 | Depths:1 | Noticed the Enchantress
 42275 | Depths:1 | Reached skill level 7 in Evocations
 42307 | Depths:1 | Killed the Enchantress
 42307 | Depths:1 | Reached skill level 15 in Fighting
 42635 | Depths:1 | Found a gateway to Hell.
 42714 | Depths:1 | Found Kereub's General Store.
 42714 | Depths:1 | Found Zaobes's Book Shoppe.
 42716 | Depths:1 | Found Tuwnu's Armour Emporium.
 42717 | Depths:1 | Found Qonli's Jewellery Shoppe.
 43202 | Depths:2 | Reached skill level 16 in Earth Magic
 43209 | Depths:2 | Reached skill level 8 in Evocations
 43213 | Depths:2 | Reached XP level 19. HP: 152/170 MP: 27/37
 43679 | Depths:2 | Reached skill level 15 in Spellcasting
 43682 | Depths:2 | Reached skill level 9 in Evocations
 43995 | Depths:2 | Reached skill level 10 in Evocations
 44013 | Depths:2 | Reached skill level 11 in Evocations
 44034 | Depths:2 | Paralysed by a floating eye for 4 turns
 44338 | Depths:2 | Found the +8 glaive of the Guard {elec, +Rage AC+5 SInv}
 44456 | Depths:2 | Reached skill level 12 in Evocations
 44797 | Depths:2 | Reached skill level 13 in Evocations
 45071 | Depths:2 | Identified the cursed +1 demon whip "Sissi" {flame, MR+}
 45137 | Depths:2 | Reached skill level 14 in Evocations
 45224 | Depths:2 | Found Gug Gif's Jewellery Shoppe.
 45224 | Depths:2 | Found Cogetz's Gadget Shop.
 45225 | Depths:2 | Found Sosuc's Gadget Shop.
 45236 | Depths:2 | Bought the ring "Tisaugra" {*Drain rPois rF+ rC+ rN+} for
                  | 627 gold pieces
 45884 | Depths:3 | Identified the cursed +3 great sword of Growth {flame, rN+
                  | Str+2 Dex-2 SInv}
 46735 | Depths:3 | Found a one-way gate leading to the halls of Pandemonium.
 46804 | Depths:4 | Found a gateway to a ziggurat.
 47082 | Depths:4 | Found the cursed +1 cloak of Starlight {rElec rC+ EV+4
                  | Stlth--}
 47295 | Depths:4 | Reached skill level 17 in Earth Magic
 47399 | Depths:4 | Found a one-way gate to the infinite horrors of the Abyss.
 47488 | Depths:4 | Reached XP level 20. HP: 178/178 MP: 28/39
 47641 | Depths:4 | Found Wejoesk's General Store.
 47645 | Depths:4 | Bought a potion of heal wounds for 70 gold pieces
 47645 | Depths:4 | Bought a scroll of remove curse for 42 gold pieces
 47645 | Depths:4 | Bought a potion of curing for 42 gold pieces
 48202 | Depths:4 | Reached skill level 16 in Spellcasting
 48383 | Depths:5 | Entered Level 5 of the Depths
 48472 | Depths:5 | Found a gate to the Realm of Zot.
 48550 | Depths:5 | Identified the ring "Baucwa" {rC++ rN+ Str+8 Dex-4}
 48745 | Depths:5 | Reached skill level 18 in Earth Magic
 49087 | Depths:5 | Found Banem's Distillery.
 49101 | Depths:5 | Bought 3 potions of curing for 189 gold pieces
 49101 | Depths:5 | Bought a potion of heal wounds for 105 gold pieces
 49101 | Depths:5 | Bought a potion of curing for 63 gold pieces
 49101 | Depths:5 | Bought a potion of curing for 63 gold pieces
 49166 | Depths:5 | Noticed a juggernaut
 49480 | Depths:5 | Found Idwori Pown's General Store.
 49491 | Depths:5 | Bought a scroll of identify for 42 gold pieces
 49491 | Depths:5 | Bought a scroll of identify for 42 gold pieces
 49612 | Depths:5 | Noticed a caustic shrike
 49616 | Depths:5 | Killed a caustic shrike
 49912 | Depths:5 | Paralysed by a great orb of eyes for 4 turns
 50128 | Depths:5 | Noticed a caustic shrike
 50130 | Depths:5 | Killed a caustic shrike
 50130 | Depths:5 | Reached skill level 17 in Spellcasting
 50130 | Depths:5 | Reached skill level 19 in Earth Magic
 50248 | Depths:5 | Killed a juggernaut
 50271 | Depths:5 | Learned a level 9 spell: Shatter
 50503 | Depths:5 | Identified the ring "Ifach" {rCorr rElec Dex-2 Slay+4 SInv}
 50544 | Depths:5 | Noticed a golden dragon
 50557 | Depths:5 | Killed a golden dragon
 50557 | Depths:5 | Reached XP level 21. HP: 184/184 MP: 31/42
 50766 | Depths:5 | Noticed Saint Roka
 50770 | Depths:5 | Identified the ring "Woisyc" {rC+ rN+ Int+7 Dex-3}
 50772 | Depths:5 | Killed Saint Roka
 51429 | Slime:1  | Entered Level 1 of the Pits of Slime
 51828 | Slime:2  | Reached skill level 20 in Earth Magic
 52837 | Slime:3  | Reached skill level 18 in Spellcasting
 53216 | Slime:2  | Gained mutation: [You tend to lose your temper in combat.]
                  | [a shining eye]
 53610 | Slime:5  | Entered Level 5 of the Pits of Slime
 54462 | Slime:5  | Noticed the Royal Jelly
 54465 | Slime:5  | Reached skill level 21 in Earth Magic
 54647 | Slime:5  | Found a viscous altar of Jiyva.
 54657 | Slime:5  | Identified the cursed +3 morningstar of Gallantry
                  | {antimagic, +Fly Int+2}
 54658 | Slime:5  | Identified the ring of Esoeptot {MR+ Str-2 Int+5 SInv
                  | Stlth+}
 54658 | Slime:5  | Identified the +5 mace "Ilirr" {crush, Str+2 Int+3}
 54658 | Slime:5  | Identified the +2 flail of Laceration {crush, MR+}
 54688 | Slime:5  | Killed the Royal Jelly
 54688 | Slime:5  | Reached XP level 22. HP: 146/192 MP: 1/44
 55178 | Slime:5  | Got a slimy rune of Zot
 55889 | Spider:2 | Reached skill level 1 in Throwing
 56061 | Spider:2 | Killed P0WERM0DE's ghost
 56318 | Vaults:1 | Entered Level 1 of the Vaults
 56321 | Vaults:1 | Reached skill level 3 in Stealth
 56408 | Vaults:1 | Reached skill level 2 in Throwing
 56761 | Vaults:1 | Reached skill level 3 in Throwing
 57069 | Vaults:1 | Reached skill level 4 in Throwing
 57794 | Vaults:2 | Reached skill level 19 in Spellcasting
 57799 | Vaults:2 | Reached skill level 5 in Throwing
 58154 | Vaults:2 | Noticed Frederick
 58163 | Vaults:2 | Killed Frederick
 58163 | Vaults:2 | Reached skill level 6 in Throwing
 58582 | Vaults:2 | Found Cydios's Magic Scroll Shoppe.
 58591 | Vaults:2 | Bought a scroll of teleportation for 57 gold pieces
 58626 | Vaults:2 | Reached skill level 7 in Throwing
 59028 | Vaults:2 | Found a staircase to the Crypt.
 59204 | Vaults:2 | Reached skill level 13 in Shields
 59601 | Vaults:2 | Reached skill level 8 in Throwing
 60043 | Vaults:3 | Noticed Mennas
 60607 | Vaults:3 | Noticed Nikola
 60614 | Vaults:3 | Killed Nikola
 60803 | Vaults:3 | Reached skill level 16 in Fighting
 60989 | Vaults:3 | Reached skill level 9 in Throwing
 61002 | Vaults:3 | Reached XP level 23. HP: 200/201 MP: 28/46
 61257 | Vaults:3 | Killed Mennas
 61571 | Vaults:3 | Reached skill level 1 in Polearms
 61634 | Vaults:3 | Reached skill level 2 in Polearms
 61995 | Vaults:4 | Reached skill level 3 in Polearms
 61995 | Vaults:4 | Reduced skill Staves to level 5
 61995 | Vaults:4 | Reached skill level 4 in Polearms
 61995 | Vaults:4 | Reduced skill Staves to level 4
 62014 | Vaults:4 | Reached skill level 5 in Polearms
 62067 | Vaults:4 | Reduced skill Staves to level 3
 62067 | Vaults:4 | Reached skill level 10 in Throwing
 62091 | Vaults:4 | Reached skill level 6 in Polearms
 62166 | Vaults:4 | Reached skill level 14 in Shields
 63087 | Vaults:4 | Reached skill level 7 in Polearms
 63624 | Vaults:5 | Entered Level 5 of the Vaults
 63625 | Vaults:5 | Reached skill level 9 in Conjurations
 64264 | Vaults:5 | Reached skill level 17 in Fighting
 64420 | Vaults:5 | Reached skill level 8 in Polearms
 64420 | Vaults:5 | Reached skill level 22 in Earth Magic
 64420 | Vaults:5 | Reached XP level 24. HP: 183/214 MP: 23/46
 64425 | Vaults:5 | Reached skill level 20 in Spellcasting
 64803 | Vaults:5 | Identified the +4 executioner's axe "Setion" {chop, rElec
                  | Int-3 Dex+7 Stlth+}
 65015 | Vaults:5 | Reached skill level 10 in Conjurations
 65225 | Vaults:5 | Noticed an ancient lich
 65227 | Vaults:5 | Identified the +4 eveningstar "Impslayer" {vamp, rElec
                  | rPois Int+4 SInv}
 65235 | Vaults:4 | Reached skill level 9 in Polearms
 65235 | Vaults:4 | Reached skill level 15 in Shields
 65336 | Vaults:5 | Killed an ancient lich
 65336 | Vaults:5 | Reduced skill Staves to level 0
 66096 | Vaults:5 | Reached skill level 10 in Polearms
 66156 | Vaults:5 | Identified the ring "Cexoydia" {rElec Stlth+}
 66173 | Vaults:5 | Identified the +7 scythe of Obsession {freeze, rPois Int+4
                  | SInv}
 66675 | Vaults:5 | Learned a level 6 spell: Deflect Missiles
 66677 | Vaults:5 | Identified the Grimoire of the Floating Entourage
 66731 | Vaults:5 | Found the +0 Maxwell's etheric cage {RegenMP+ *Contam rElec
                  | MP+4}
 66740 | Vaults:5 | Got a silver rune of Zot
 67052 | Vaults:5 | Reached skill level 2 in Charms
 67318 | Vaults:2 | Bought a scroll of remove curse for 57 gold pieces
 67318 | Vaults:2 | Bought 2 scrolls of amnesia for 133 gold pieces
 67318 | Vaults:2 | Bought a scroll of amnesia for 66 gold pieces
 67673 | Elf:1    | Entered Level 1 of the Elven Halls
 67675 | Elf:1    | Reached skill level 1 in Air Magic
 67938 | Elf:1    | Reached skill level 3 in Charms
 68650 | Elf:2    | Reached skill level 18 in Fighting
 68726 | Elf:2    | Reached skill level 4 in Charms
 68975 | Elf:2    | Found a huge runed translucent gate.
 68976 | Elf:2    | Found a huge runed translucent gate.
 68977 | Elf:2    | Found a huge runed translucent gate.
 68978 | Elf:2    | Found a huge runed translucent gate.
 68979 | Elf:2    | Found a huge runed translucent gate.
 69051 | Elf:2    | Reached XP level 25. HP: 211/224 MP: 47/47
 69063 | Elf:2    | Reached skill level 11 in Polearms
 69104 | Elf:2    | Reached skill level 11 in Throwing
 69313 | Elf:2    | Noticed Donald
 69318 | Elf:2    | Killed Donald
 69674 | Elf:2    | Reached skill level 5 in Charms
 69786 | Elf:3    | Entered Level 3 of the Elven Halls
 69829 | Elf:3    | Found a magical portal.
 69835 | WizLab   | Entered The Roulette of Golubria
 69835 | WizLab   | Found a transporter.
 69843 | WizLab   | Found a corrupted altar of Lugonu.
 69844 | WizLab   | Identified the +0 cloak of Hairiness {rPois SInv}
 69844 | WizLab   | Found the +2 cloak of the Thief {+Fog Slay-2 SInv Stlth+}
 69882 | WizLab   | Found a transporter.
 69916 | WizLab   | Found a transporter.
 69924 | WizLab   | Found a corrupted altar of Lugonu.
 69924 | WizLab   | Found a transporter.
 69999 | WizLab   | Found a transporter.
 69999 | WizLab   | Found a transporter.
 70053 | WizLab   | Found a corrupted altar of Lugonu.
 70110 | WizLab   | Found a transporter.
 70127 | WizLab   | Found a transporter.
 70133 | WizLab   | Found a transporter.
 70148 | WizLab   | Found a transporter.
 70161 | WizLab   | Found a transporter.
 70322 | WizLab   | Found a transporter.
 70373 | WizLab   | Learned a level 8 spell: Controlled Blink
 70386 | WizLab   | Found a transporter.
 70386 | WizLab   | Found a transporter.
 70420 | WizLab   | Found a transporter.
 70506 | WizLab   | Found a transporter.
 70532 | WizLab   | Found a transporter.
 70576 | WizLab   | Identified the +0 cloak of Classification {rN+}
 70647 | WizLab   | Found a transporter.
 70664 | WizLab   | Paralysed by accursed screaming for 1 turns
 70670 | WizLab   | Reached skill level 1 in Translocations
 70689 | WizLab   | Found a transporter.
 70689 | WizLab   | Found a transporter.
 71341 | Elf:3    | Identified the +6 glaive of the Crawling Thing {drain,
                  | *Rage +Blink Dex+4}
 71348 | Elf:3    | Reached skill level 2 in Translocations
 71375 | Elf:3    | Reached skill level 12 in Polearms
 71586 | Elf:3    | Identified the cursed +0 plate armour of Loss {+Blink rElec
                  | rCorr}
 71601 | Elf:3    | Reached skill level 3 in Translocations
 71869 | Elf:3    | Reached skill level 12 in Throwing
 72024 | Elf:3    | Found the +3 sling "Punk" {acid, rCorr}
 72147 | Elf:3    | Reached skill level 19 in Fighting
 72159 | Elf:3    | Reached skill level 16 in Shields
 72181 | Elf:3    | Identified the Papyrus of the Blaze and Dislocation
 72860 | Depths:1 | Bought a manual of Translocations for 1876 gold pieces
 72957 | Depths:5 | Bought a scroll of holy word for 157 gold pieces
 72957 | Depths:5 | Bought a potion of heal wounds for 105 gold pieces
 72957 | Depths:5 | Bought a scroll of magic mapping for 73 gold pieces
 72957 | Depths:5 | Bought a scroll of remove curse for 63 gold pieces
 72957 | Depths:5 | Bought a scroll of remove curse for 63 gold pieces
 73156 | Pan      | Entered Pandemonium
 73162 | Pan      | Reached skill level 4 in Translocations
 73252 | Pan      | Reduced skill Throwing to level 11
 73266 | Pan      | Reached skill level 13 in Polearms
 73352 | Pan      | Noticed Zunti the pandemonium lord
 73364 | Pan      | Paralysed by a floating eye for 3 turns
 73371 | Pan      | Killed Zunti the pandemonium lord
 73371 | Pan      | Reduced skill Throwing to level 10
 73396 | Pan      | Reached skill level 14 in Polearms
 73396 | Pan      | Reached skill level 5 in Translocations
 73450 | Pan      | Reduced skill Throwing to level 9
 73703 | Pan      | Reached skill level 15 in Polearms
 73710 | Pan      | Learned a level 1 spell: Summon Butterflies
 73766 | Pan      | Reduced skill Throwing to level 8
 73773 | Pan      | Gained mutation: [You are frail. (-10% HP)] [a cacodemon]
 73946 | Pan      | Reached skill level 6 in Translocations
 74296 | Pan      | Found a runed translucent door.
 74313 | Pan      | Found a runed translucent door.
 74314 | Pan      | Found a runed translucent door.
 74314 | Pan      | Noticed Adiele the pandemonium lord
 74318 | Pan      | Found a runed translucent door.
 74355 | Pan      | Reached skill level 7 in Translocations
 74365 | Pan      | Reached XP level 26. HP: 207/214 MP: 43/47
 74521 | Pan      | Noticed Ceumn the pandemonium lord
 74610 | Pan      | Found an exit through the horrors of the Abyss.
 74669 | Pan      | Noticed Fumn the pandemonium lord
 74738 | Pan      | Reached skill level 16 in Polearms
 74869 | Pan      | Reached skill level 20 in Fighting
 74941 | Pan      | Reached skill level 8 in Translocations
 75562 | Pan      | Noticed Eshom the pandemonium lord
 75669 | Pan      | Reached skill level 9 in Translocations
 75723 | Pan      | Reached skill level 1 in Summonings
 75776 | Pan      | Entered the realm of Mnoleg.
 76054 | Pan      | Noticed Mnoleg
 76055 | Pan      | Gained mutation: You are dopey. (Int -2) [a cacodemon]
 76206 | Pan      | Killed Mnoleg
 76209 | Pan      | Gained mutation: You are weak. (Str -2) [a neqoxec]
 76231 | Pan      | Gained mutation: [Your magical capacity is low. (-10% MP)]
                  | [a cacodemon]
 76259 | Pan      | Reached skill level 10 in Translocations
 76277 | Pan      | Reached skill level 17 in Polearms
 76277 | Pan      | Reached skill level 17 in Shields
 76329 | Pan      | Got a glowing rune of Zot
 76962 | Pan      | Found an exit through the horrors of the Abyss.
 76995 | Pan      | Noticed Catyuwec the pandemonium lord
 77047 | Pan      | Killed Catyuwec the pandemonium lord
 77047 | Pan      | Reached skill level 21 in Fighting
 77047 | Pan      | Reached skill level 11 in Translocations
 77332 | Pan      | Entered the realm of Cerebov.
 77560 | Pan      | Identified the +1 robe "Jiutecwajia" {rF+}
 77595 | Pan      | Identified the +6 sword of Cerebov {flame}
 77595 | Pan      | Noticed Cerebov
 77758 | Pan      | Reached XP level 27. HP: 117/225 MP: 9/42
 77835 | Pan      | Reached skill level 18 in Polearms
 77920 | Pan      | Reached skill level 12 in Translocations
 78227 | Pan      | Killed Cerebov
 78384 | Pan      | Got a fiery rune of Zot
 78441 | Pan      | Learned a level 5 spell: Aura of Abjuration
 78532 | Pan      | Reached skill level 2 in Summonings
 78988 | Pan      | Reached skill level 3 in Summonings
 79160 | Pan      | Entered the realm of Lom Lobon.
 79172 | Pan      | Reached skill level 19 in Polearms
 79517 | Pan      | Reached skill level 13 in Translocations
 79558 | Pan      | Reached skill level 4 in Summonings
 79560 | Pan      | Noticed Lom Lobon
 79586 | Pan      | Killed Lom Lobon
 79608 | Pan      | Got a magical rune of Zot
 79809 | Pan      | Found an exit through the horrors of the Abyss.
 80032 | Pan      | Noticed Vyxeg the pandemonium lord
 80100 | Pan      | Reached skill level 20 in Polearms
 80114 | Pan      | Reached skill level 5 in Summonings
 80162 | Pan      | Reached skill level 2 in Air Magic
 80162 | Pan      | Killed Vyxeg the pandemonium lord
 80304 | Pan      | Entered the realm of Gloorx Vloq.
 80355 | Pan      | Noticed Gloorx Vloq
 80415 | Pan      | Reached skill level 6 in Charms
 80479 | Pan      | Reached skill level 3 in Air Magic
 81133 | Pan      | Reached skill level 22 in Fighting
 81203 | Pan      | Learned a level 6 spell: Statue Form
 81298 | Pan      | Killed Gloorx Vloq
 81298 | Pan      | Reached skill level 21 in Polearms
 81314 | Pan      | Got a dark rune of Zot
 81559 | Pan      | Found an exit through the horrors of the Abyss.
 81616 | Pan      | Reached skill level 7 in Charms
 81618 | Pan      | Reached skill level 14 in Translocations
 81991 | Pan      | Found an exit through the horrors of the Abyss.
 82383 | Pan      | Noticed Oluluawacs the pandemonium lord
 82413 | Pan      | Reached skill level 22 in Polearms
 82427 | Pan      | Killed Oluluawacs the pandemonium lord
 82796 | Pan      | Noticed Linnoic the pandemonium lord
 82840 | Pan      | Found an exit through the horrors of the Abyss.
 83005 | Pan      | Noticed Bueskirr the pandemonium lord
 83134 | Pan      | Gained mutation: [Your magical capacity is very low. (-20%
                  | MP)] [a neqoxec]
 83184 | Pan      | Noticed Lutryfui the pandemonium lord
 83213 | Pan      | Killed Lutryfui the pandemonium lord
 83213 | Pan      | Reached skill level 15 in Translocations
 83591 | Pan      | Got a demonic rune of Zot
 83750 | Pan      | Found an exit through the horrors of the Abyss.
 83756 | Pan      | Took an exit into the Abyss.
 83756 | Abyss:1  | Escaped into the Abyss
 83756 | Abyss:1  | Found a corrupted altar of Lugonu.
 83789 | Abyss:1  | Identified the Collected Works on the Creative Arsonist
 84042 | Abyss:1  | Found a corrupted altar of Lugonu.
 84112 | Abyss:1  | Found a burning altar of Makhleb.
 84299 | Abyss:2  | Found a corrupted altar of Lugonu.
 84384 | Abyss:3  | Reached skill level 23 in Polearms
 84881 | Abyss:4  | Identified the +0 hat of Truth {*Drain +Inv rCorr Dex+3}
 84994 | Abyss:4  | Gained mutation: You are clumsy. (Dex -2) [a neqoxec]
 85022 | Abyss:4  | Found a corrupted altar of Lugonu.
 85371 | Abyss:4  | Reached skill level 16 in Translocations
 85699 | Abyss:4  | Found a shattered altar of Ashenzari.
 85859 | Abyss:4  | Reached skill level 24 in Polearms
 86090 | Abyss:4  | Found a corrupted altar of Lugonu.
 86277 | Abyss:4  | Paralysed by accursed screaming for 1 turns
 86355 | Abyss:4  | Gained mutation: You are very clumsy. (Dex -4) [a neqoxec]
 86520 | Abyss:4  | HP: 9/177 [spatial vortex[a spatial maelstrom] (29)]
 86556 | Abyss:4  | Mangled by a tentacled starspawn

Skill      XL: |  1  2  3  4  5  6  7  8  9 10 11 12 13 14 15 16 17 18 19 20 21 22 23 24 25 26 27 |
---------------+----------------------------------------------------------------------------------+-----
Stealth        | 2 3 |  3.1
Dodging        | 2 4 7 10 11 12 | 12.9
Conjurations   | 2 3 4 5 6 7 8 9 10 | 10.7
Spellcasting   | 3 4 5 6 8 11 12 13 14 15 17 18 19 20 | 20.0
Poison Magic   | 4 5 6 7 8 |  8.6
Fighting       | 2 3 5 7 10 11 12 13 15 16 17 18 19 21 22 | 22.0
Staves         | 2 3 4 5 6 3 0 |  0.0
Evocations     | 2 3 5 6 8 14 | 14.7
Earth Magic    | 5 8 10 11 12 13 14 16 17 19 21 22 | 22.6
Necromancy     | 4 5 |  5.5
Shields        | 4 7 10 12 13 14 15 16 17 | 17.7
Charms         | 1 4 5 7 |  7.5
Throwing       | 9 10 8 |  8.6
Polearms       | 8 10 15 17 24 | 24.9
Air Magic      | 1 3 |  3.9
Translocations | 7 11 16 | 16.1
Summonings     | 1 5 |  5.5

Action                   |  1- 3 |  4- 6 |  7- 9 | 10-12 | 13-15 | 16-18 | 19-21 | 22-24 | 25-27 || total
-------------------------+-------+-------+-------+-------+-------+-------+-------+-------+-------++-------
Melee: Whip              |    51 |    19 |       |       |       |       |       |       |       ||    70
       Tailslap          |     3 |    10 |    66 |    68 |   170 |   169 |   128 |   149 |   373 ||  1136
       Falchion          |       |    54 |    10 |       |       |       |       |       |       ||    64
       Quarterstaff      |       |       |   529 |   442 |   404 |       |       |       |       ||  1375
       Staff             |       |       |       |       |   664 |  1122 |   670 |   862 |       ||  3318
       Trishula          |       |       |       |       |       |       |       |   259 |  3130 ||  3389
 Fire: Hand crossbow     |       |     7 |       |       |       |       |       |       |       ||     7
Throw: Tomahawk          |       |       |       |    29 |     8 |     5 |     2 |    11 |    24 ||    79
 Cast: Sting             |    66 |    71 |    21 |       |       |       |       |       |       ||   158
       Poisonous Vapours |       |    10 |    74 |    72 |    20 |     7 |       |       |       ||   183
       Mephitic Cloud    |       |       |     3 |     8 |    21 |     1 |     6 |     3 |     1 ||    43
       Stone Arrow       |       |       |    15 |   132 |   363 |   125 |       |       |       ||   635
       Olgreb's Toxic Ra |       |       |     3 |    19 |     6 |    17 |     6 |     3 |       ||    54
       Venom Bolt        |       |       |       |    16 |    32 |    47 |    13 |     2 |       ||   110
       Lee's Rapid Decon |       |       |       |     7 |     8 |    29 |    75 |    25 |    15 ||   159
       Borgnjor's Vile C |       |       |       |       |    51 |    85 |    25 |    47 |    50 ||   258
       Vampiric Draining |       |       |       |       |     3 |     8 |     2 |       |       ||    13
       Regeneration      |       |       |       |       |     3 |     7 |     3 |     2 |     5 ||    20
       Ozocubu's Armour  |       |       |       |       |     2 |     9 |     3 |     3 |     5 ||    22
       Blink             |       |       |       |       |       |     4 |       |     6 |     2 ||    12
       Iron Shot         |       |       |       |       |       |    71 |   270 |   218 |   308 ||   867
       Shatter           |       |       |       |       |       |       |     1 |    17 |    20 ||    38
       Deflect Missiles  |       |       |       |       |       |       |       |       |     4 ||     4
       Summon Butterflie |       |       |       |       |       |       |       |       |     2 ||     2
       Controlled Blink  |       |       |       |       |       |       |       |       |     2 ||     2
       Statue Form       |       |       |       |       |       |       |       |       |     1 ||     1
Invok: Curse Item        |       |       |     2 |     3 |     4 |     3 |     2 |     4 |       ||    18
       Scrying           |       |       |     1 |       |       |     1 |       |       |    16 ||    18
       Transfer Knowledg |       |       |       |       |       |       |       |     2 |     1 ||     3
Evoke: Wand              |       |       |       |     9 |    22 |    50 |    20 |     1 |    16 ||   118
       Fan of gales      |       |       |       |       |     1 |     1 |       |       |       ||     2
       Phial of floods   |       |       |       |       |       |     1 |     1 |       |       ||     2
  Use: Potion            |       |       |     6 |     1 |       |     5 |     2 |     2 |    18 ||    34
       Scroll            |       |       |    12 |     4 |    10 |     4 |     5 |    16 |    19 ||    70
 Stab: Sleeping          |       |       |     6 |       |     4 |    11 |     4 |    11 |     9 ||    45
       Confused          |       |       |       |     2 |    16 |       |     3 |     5 |       ||    26
       Distracted        |       |       |       |       |       |     5 |       |       |    28 ||    33
  Eat: Chunk             |     2 |     7 |    21 |    38 |    62 |    56 |    68 |    45 |    28 ||   327
       Ration            |       |       |     2 |       |       |     4 |     4 |     6 |    14 ||    30
Armor: Skin              |    22 |    39 |   281 |   278 |   409 |   337 |   136 |   301 |   561 ||  2364
Dodge: Dodged            |    43 |    74 |   351 |   345 |   846 |  1108 |   525 |   603 |  1244 ||  5139
       Deflected         |       |       |       |       |       |       |       |       |    64 ||    64
Block: Shield            |       |       |       |       |   282 |   890 |   423 |  1055 |  2082 ||  4732
       Rpst.: Falchion   |       |    18 |       |       |       |       |       |       |       ||    18
